 Dungeon Sprint DCSS version 0.23.2-33-g5129a83184 (webtiles) character file.

Game seed: 4978096685203916215

1305 senseless the Carver (level 8, -4/54 (56) HPs)
             Began as a Minotaur Fighter on July 27, 2019.
             Slain by a chaos spawn (7 damage)
             ... summoned by a kobold demonologist
             ... in the Dungeon (Sprint II: "The Violet Keep of Menkaure").
             The game lasted 00:04:10 (736 turns).

senseless the Carver (Minotaur Fighter)              Turns: 736, Time: 00:04:12

HP:   -4/54 (56)    AC: 11    Str: 21    XL:     8   Next: 31%
MP:   7/7           EV:  9    Int:  5    God:
Gold: 800           SH: 12    Dex: 15    Spells: 7/7 levels left

rFire    . . .     SeeInvis .   a - +0 long sword
rCold    . . .     Gourm    .   c - +0 shield
rNeg     . . .     Faith    .   b - +0 scale mail
rPois    .         Spirit   .   (helmet restricted)
rElec    .         Reflect  .   (no cloak)
rCorr    .         Harm     .   l - +1 pair of gloves {Dex+3}
MR       .....     Rnd*Rage +   (no boots) Stlth ..........NoTele +
                                (no amulet)
HPRegen  0.18/turn              (no ring)
MPRegen  0.10/turn              (no ring)

@: very slightly contaminated, invisible
A: retaliatory headbutt, horns 2, berserk 1, frail 3
a: no special abilities


You were in the Dungeon.
You were not hungry.

You visited 1 branch You collected 972 gold pieces.
You spent 172 gold pieces at shops.

Inventory:

Hand Weapons
 a - a +0 long sword (weapon)
Armour
 b - a +0 scale mail (worn)
 c - a +0 shield (worn)
 l - a +1 pair of gloves of dexterity (worn)
Scrolls
 k - a scroll of blinking
Potions
 d - a potion of might
 e - a potion of curing
 g - a potion of heal wounds
 h - a potion of haste
 i - 2 potions of magic
 j - a potion of berserk rage
Comestibles
 f - a ration


   Skills:
 + Level 10.5 Fighting
 * Level 13.6 Long Blades
 + Level 10.5 Armour
 + Level 10.5 Shields


You had 7 spell levels left.
You didn't know any spells.
Your spell library was empty.

Dungeon Overview and Level Annotations

Branches:
Dungeon (1/1)

Altars:
Okawaru
Vehumet

Shops:
D :!=}}=?(![*?[:[%

Annotations:
D exclusion: oklob plant, Kirke


Innate Abilities, Weirdness & Mutations

You reflexively headbutt those who attack you in melee.
You have a pair of horns on your head.
You tend to lose your temper in combat.
You are extremely frail. (-30% HP)


Message History

You barely miss the yaktaur captain.
The chaos spawn gores you but does no damage.
The yaktaur captain hits you but does no damage.
Unknown command.
You slash the yaktaur captain! You headbutt the yaktaur captain!
The yaktaur captain is moderately wounded.
The orange crystal statue is engulfed in mutagenic fog.
You hit the yaktaur captain but do no damage.
The yaktaur captain is moderately wounded.
The chaos spawn gores you! Space warps horribly around you!!
The yaktaur captain hits you!
* * * LOW HITPOINT WARNING * * *
The orange crystal statue is engulfed in mutagenic fog.
You slash the yaktaur captain!
Your headbutt misses the yaktaur captain.
The yaktaur captain is moderately wounded.
The chaos spawn hits you!
* * * LOW HITPOINT WARNING * * *
The chaos spawn shocks you!
You die...

##≈≈≈§§§≈## ##≈§§§≈≈≈≈≈##
+≈≈≈≈§8§§§≈≈# . ###§§§≈§§§≈≈
cK.≈## §≈§§§ ########≈≈#+++#+++##
##########≈≈cK...K....#
#.....∩.∩#≈≈≈≈.##c##..#
#....∩.∩.#≈≈≈≈##@.###.####
#...∩.∩..#≈≈≈≈#.4##.#....#
#..∩.∩...#≈≈####.#.####..##
#.⌠.∩....#≈##.###'###.##..#
#..∩.∩...#≈#.#.##†##...#..#
#...∩.∩..'≈'##.+.<.'.##'..###
#....∩.∩.#≈##..##.##...#.§..#
▓▓▓▓▓▓▓###≈##.###'###.##.§§...≈≈
#(lh######≈≈####.#.####≈≈§....≈#+


You could see a yaktaur captain, an orange crystal statue, a kobold demonologist
and a chaos spawn.

Vanquished Creatures
  2 hippogriffs (D)
  4 neqoxecs (D)
  4 necrophages (D)
  A crocodile (D)
  3 worms (D)
14 creatures vanquished.

Vanquished Creatures (others)
  Menkaure (D)
  A crocodile (D)
2 creatures vanquished.

Grand Total: 16 creatures vanquished

Notes
Turn   | Place    | Note
-------+----------+-------------------------------------------
     0 | D        | senseless the Minotaur Fighter began the quest for the Orb.
     0 | D        | Reached XP level 1. HP: 19/19 MP: 0/0
     8 | D        | Reached skill level 3 in Long Blades
    17 | D        | Reached skill level 4 in Long Blades
    17 | D        | Reached XP level 2. HP: 6/27 MP: 1/1
   158 | D        | Killed a crocodile
   215 | D        | Killed Menkaure
   250 | D        | Noticed an orange crystal statue
   252 | D        | Noticed a crocodile
   260 | D        | Killed a crocodile
   260 | D        | Reached skill level 5 in Fighting
   260 | D        | Reached skill level 6 in Long Blades
   260 | D        | Reached skill level 5 in Armour
   260 | D        | Reached skill level 5 in Shields
   260 | D        | Reached XP level 3. HP: 17/37 MP: 2/2
   260 | D        | Reached XP level 4. HP: 20/44 MP: 3/3
   262 | D        | Found Vatez's Food Shoppe.
   263 | D        | Found Xomnev's Book Shoppe.
   263 | D        | Found Sidufiyr's Antique Armour Emporium.
   264 | D        | Found Afogig's General Store.
   264 | D        | Found Yrhovass's Magic Scroll Shoppe.
   264 | D        | Found Coidoffi's Antique Armour Shoppe.
   265 | D        | Found Efyxuv's Magic Scroll Emporium.
   265 | D        | Found Idoega's Antique Weapon Shoppe.
   265 | D        | Found Dongy's Distillery.
   266 | D        | Found Uruassat's Gadget Emporium.
   266 | D        | Found Maogir's Gadget Shoppe.
   266 | D        | Found Zoefuojun's Jewellery Emporium.
   266 | D        | Found Ulykasim's Antique Armour Shoppe.
   267 | D        | Found Izach's Distillery.
   267 | D        | Found Yskazos's Jewellery Shoppe.
   269 | D        | Noticed a hell hog
   269 | D        | Noticed a wyvern
   271 | D        | Noticed a hell hog
   273 | D        | Noticed an oklob plant
   274 | D        | Found Luxetre's Book Shoppe.
   274 | D        | Noticed a wyvern
   276 | D        | Bought a pair of runed gloves for 172 gold pieces
   286 | D        | Noticed a neqoxec
   293 | D        | Gained mutation: You are frail. (-10% HP) [a neqoxec]
   294 | D        | Gained mutation: You are very frail. (-20% HP) [a neqoxec]
   295 | D        | Killed a neqoxec
   295 | D        | Reached skill level 9 in Long Blades
   295 | D        | Reached XP level 5. HP: 30/41 MP: 4/4
   332 | D        | Noticed a neqoxec
   332 | D        | Noticed a neqoxec
   335 | D        | Noticed a neqoxec
   337 | D        | Killed a neqoxec
   337 | D        | Reached skill level 10 in Long Blades
   337 | D        | Reached XP level 6. HP: 42/48 MP: 5/5
   343 | D        | Killed a neqoxec
   343 | D        | Reached skill level 11 in Long Blades
   345 | D        | Gained mutation: You are extremely frail. (-30% HP) [a
                  | neqoxec]
   350 | D        | Gained mutation: You tend to lose your temper in combat. [a
                  | neqoxec]
   356 | D        | Killed a neqoxec
   356 | D        | Reached XP level 7. HP: 49/49 MP: 6/6
   370 | D        | Noticed a flying skull
   371 | D        | Noticed a flying skull
   371 | D        | Noticed a flying skull
   372 | D        | Noticed a flying skull
   373 | D        | Noticed a flying skull
   375 | D        | Noticed a flying skull
   375 | D        | Noticed a flying skull
   375 | D        | Noticed a flying skull
   375 | D        | Noticed a flying skull
   376 | D        | Noticed a hippogriff
   376 | D        | Noticed a flying skull
   376 | D        | Noticed a flying skull
   377 | D        | Noticed a hippogriff
   377 | D        | Noticed a flying skull
   384 | D        | Killed a hippogriff
   384 | D        | Reached skill level 12 in Long Blades
   389 | D        | Killed a hippogriff
   389 | D        | Reached skill level 10 in Fighting
   389 | D        | Reached skill level 10 in Armour
   389 | D        | Reached skill level 10 in Shields
   620 | D        | Reached skill level 13 in Long Blades
   620 | D        | Reached XP level 8. HP: 50/55 MP: 7/7
   645 | D        | Found an iron altar of Okawaru.
   645 | D        | Found a radiant altar of Vehumet.
   719 | D        | Noticed Kirke
   719 | D        | Noticed a yaktaur captain
   719 | D        | Noticed a kobold demonologist
   736 | D        | Slain by a chaos spawn

Skill      XL: |  1  2  3  4  5  6  7 |
---------------+----------------------+-----
Fighting       | 4 5 7 8 9 10 | 10.5
Long Blades    | 4 6 9 10 11 13 | 13.6
Armour         | 4 5 7 8 9 10 | 10.5
Shields        | 4 5 7 8 9 10 | 10.5

Action                   |  1- 3 |  4- 6 |  7- 9 || total
-------------------------+-------+-------+-------++-------
Melee: Long sword        |    20 |    32 |    39 ||    91
       Headbutt          |     5 |     4 |    11 ||    20
Armor: Scale mail        |     1 |     9 |    21 ||    31
Dodge: Dodged            |     3 |    11 |     8 ||    22
Block: Shield            |     6 |    17 |    25 ||    48
       Rpst.: Long sword |     2 |     2 |       ||     4
